 Dungeon Crawl Stone Soup version 0.17-a0-1230-g8afc29e (webtiles) character file.

3208 Chiseanne the Fighter (level 9, -9/75 HPs)
             Began as a Demonspawn Wanderer on June 5, 2015.
             Was an Initiate of Gozag.
             Mangled by an orc knight
             ... wielding a cursed +0 glaive
              (10 damage)
             ... in a bailey.
             The game lasted 00:33:19 (8257 turns).

Chiseanne the Fighter (Demonspawn Wanderer)         Turns: 8257, Time: 00:33:19

Health: -9/75      AC: 11    Str: 16    XL:     9   Next: 65%
Magic:  10/10      EV: 14    Int: 12    God:    Gozag
Gold:   291        SH:  0    Dex: 21    Spells: 0 memorised, 10 levels left

rFire  . . .     SeeInvis .     s - +9 scythe (flame)
rCold  . . .     Clarity  .     k - +1 scale mail
rNeg   . . .     SustAt   .     (no shield)
rPois  .         Gourm    .     (helmet restricted)
rElec  .         Spirit   .     v - +2 cloak
rCorr  +         Warding  .     (no gloves)
rMut   .         Stasis   .     (no boots)
MR     +....                    d - amulet of resist corrosion
Stlth  ++........               m - ring of protection from magic
                                K - +2 ring of strength

@: agile, somewhat resistant to hostile enchantments, unstealthy
A: claws 2, horns 2
a: Potion Petition, Call Merchant, Bribe Branch, Renounce Religion


You were in a bailey.
You worshipped Gozag.
Gozag was noncommittal.
You were not hungry.

You visited 2 branches of the dungeon, and saw 8 of its levels.
You also visited: Bailey.

You collected 1197 gold pieces.
You spent 273 gold pieces at shops.
You paid 633 gold pieces to Gozag.

Inventory:

Hand weapons
 a - a +3 dagger of venom
 i - a +2 dagger of protection
 s - a +9 scythe of flaming (weapon)
 w - a +2 hand crossbow
 A - a +0 scimitar of slicing
Missiles
 b - 289 bolts
 f - 89 arrows
 g - 8 needles of frenzy
 j - 2 bolts of penetration
 o - 14 poisoned arrows
 r - 8 javelins (quivered)
 B - 12 poisoned sling bullets
 E - an arrow of dispersal
 H - 10 exploding sling bullets
 J - 15 poisoned needles
Armour
 k - a +1 scale mail (worn)
 v - a +2 cloak (worn)
Jewellery
 d - an amulet of resist corrosion (around neck)
 h - an uncursed ring of flight
 m - a ring of protection from magic (right claw)
 K - a +2 ring of strength (left claw)
Magical devices
 c - a wand of random effects (26)
 u - a wand of slowing (8)
 C - a wand of teleportation (4)
Scrolls
 l - 2 scrolls of teleportation
Potions
 t - 2 potions of magic
 z - 2 potions of cure mutation
 F - 3 potions of flight
Books
 q - a book of Unlife

   Spells                             Type                      Level
   a - Recall                         Summoning/Translocation      3
   b - Animate Dead                   Necromancy                   4
   c - Control Undead                 Necromancy                   4
   d - Cigotuvi's Embrace             Necromancy                   5
   e - Death Channel                  Necromancy                   6
   f - Simulacrum                     Ice/Necromancy               6
Comestibles
 e - 3 bread rations
 n - 4 meat rations


   Skills:
 * Level 8.5 Fighting
 - Level 1.0 Crossbows
 * Level 5.6 Armour
 * Level 5.9 Dodging
 - Level 1.0 Stealth
 - Level 5.6 Unarmed Combat
 - Level 1.0 Spellcasting
   Level 1.0 Charms
   Level 1.0 Translocations
 - Level 1.0 Evocations


You had 10 spell levels left.
You didn't know any spells.

Dungeon Overview and Level Annotations

Branches:
Dungeon (7/15)             Temple (1/1) D:4

Altars:
Ashenzari
Cheibriados
Dithmenos
Elyvilon
Fedhas
Gozag
Kikubaaqudgha
Makhleb
Okawaru
Qazlal
Ru
Sif Muna
Trog
Vehumet
Xom
Zin
The Shining One

Shops:
D:6 *


Innate Abilities, Weirdness & Mutations

You have very sharp fingernails.
You have a pair of horns on your head.


Message History

The orc warrior misses you. x2
The orc knight hits you from afar with an enchanted glaive.
The orc warrior completely misses you.
You closely miss the orc warrior.
The orc warrior is heavily wounded.
The orc warrior hits you from afar with a spear!
The orc knight hits you from afar with an enchanted glaive!
* * * LOW HITPOINT WARNING * * *
The orc warrior hits you with a halberd.
* * * LOW HITPOINT WARNING * * *
The orc warrior misses you.
The orc knight hits you but does no damage.
The orc warrior hits you but does no damage.
The orc warrior barely misses you.
There is a gate leading back out of this place here.
The orc warrior hits you from afar with a spear!
* * * LOW HITPOINT WARNING * * *
The orc knight hits you from afar with an enchanted glaive!
You die...
Your body crumbles into a pile of gold.

...≈≈#.#≈≈...............≈≈#$#≈≈.
...≈##.##≈...............≈##.##≈.
...≈..^..≈...............≈..^..≈.
...≈##.##≈...............≈##.##≈.
...≈≈#)#≈≈....#######....≈≈#.#≈≈.
....≈≈≈≈≈....##....##.....≈≈≈≈≈..
............##.....##............
...........##..#'''##............
...........#..##@.∩##..##........
..........##.####o####[##........
..........##.')#.oo#)'.##........
..........##.###.8o###.##........
..........##.')#).)#)'.##........
..........##.#########.##........
...........#..##)#)##..#.........
...........##..#'#'#..##.........
............##.......##..........


You could see an orc knight and 3 orc warriors.

Vanquished Creatures
  Pikel (D:6)
  Sigmund (D:5)
  Eustachio (D:4)
  Edmund (D:5)
  An ice beast (D:6)
  6 orc warriors (Bailey)
  A slave (D:6)
  An ogre (D:5)
  3 centaurs
  A giant frog (D:6)
  2 scorpions
  A crimson imp (D:2)
  2 giant frog zombies
  2 jellies
  9 orc wizards
  A hound (D:4)
  3 orc priests
  A centaur skeleton (D:4)
  Terence (D:3)
  2 giant frog skeletons
  An iguana (D:6)
  6 worker ants
  A killer bee zombie (D:4)
  A hound zombie (D:5)
  3 worker ant zombies
  Robin (D:3)
  A gnoll (D:5)
  7 adders
  A shadow imp (D:6)
  An ooze (D:3)
  3 worms
  An adder zombie (D:5)
  5 giant geckos
  45 orcs
  13 bats
  A bat skeleton (D:4)
  8 giant cockroaches
  16 goblins
  15 hobgoblins
  12 jackals
  13 kobolds
  A ball python (D:1)
  A giant cockroach zombie (D:4)
  A giant gecko skeleton (D:4)
  A giant gecko zombie (D:4)
  8 giant newts
  A jackal skeleton (D:4)
  5 quokkas
  14 rats
228 creatures vanquished.

Vanquished Creatures (others)
  An ogre (D:6)
  A giant cockroach (D:6)
2 creatures vanquished.

Grand Total: 230 creatures vanquished

Notes
Turn   | Place    | Note
--------------------------------------------------------------
     0 | D:1      | Chiseanne the Demonspawn Wanderer began the quest for the Orb.
     0 | D:1      | Chiseanne set off with: a +2 hand crossbow, 20 bolts, a wand of random effects (15), a +0 robe, a bread ration
     0 | D:1      | Reached XP level 1. HP: 18/18 MP: 2/2
   146 | D:1      | Gained mutation: You have sharp fingernails. [demonic ancestry]
   146 | D:1      | Reached XP level 2. HP: 24/24 MP: 3/3
   636 | D:1      | Reached skill level 4 in Fighting
   843 | D:2      | Gained mutation: You have a pair of small horns on your head. [demonic ancestry]
   843 | D:2      | Reached XP level 3. HP: 30/30 MP: 4/4
  1346 | D:2      | Reached XP level 4. HP: 38/38 MP: 5/5
  1543 | D:2      | Found a burning altar of Makhleb.
  1556 | D:2      | Reached skill level 5 in Fighting
  1556 | D:2      | Reached skill level 1 in Dodging
  1842 | D:3      | Gained mutation: You have very sharp fingernails. [demonic ancestry]
  1842 | D:3      | Reached XP level 5. HP: 40/44 MP: 6/6
  1845 | D:3      | Reached skill level 1 in Unarmed Combat
  2642 | D:3      | Noticed Robin
  2655 | D:3      | Killed Robin
  3217 | D:3      | Noticed Terence
  3239 | D:3      | Killed Terence
  3355 | D:4      | Found a staircase to the Ecumenical Temple.
  3364 | D:4      | Reached XP level 6. HP: 35/52 MP: 7/7
  3405 | Temple   | Entered the Ecumenical Temple
  3464 | Temple   | Became a worshipper of Gozag Ym Sagoz the Greedy
  3497 | D:4      | Found a radiant altar of Vehumet.
  3587 | D:4      | Noticed Eustachio
  3614 | D:4      | Killed Eustachio
  3614 | D:4      | Reached skill level 6 in Fighting
  3752 | D:4      | Reached XP level 7. HP: 17/58 MP: 8/8
  4017 | D:4      | Noticed a phantom
  4818 | D:5      | Entered Level 5 of the Dungeon
  4881 | D:5      | Noticed Edmund
  4891 | D:5      | Killed Edmund
  5168 | D:5      | Reached XP level 8. HP: 65/65 MP: 9/9
  5568 | D:5      | Found a shattered altar of Ashenzari.
  5734 | D:5      | Noticed Sigmund
  5741 | D:5      | Killed Sigmund
  5741 | D:5      | Reached skill level 7 in Fighting
  5871 | D:6      | Found a blossoming altar of Fedhas.
  6132 | D:6      | Found a glowing silver altar of Zin.
  6198 | D:6      | Noticed Pikel
  6220 | D:6      | Killed Pikel
  6220 | D:6      | Reached skill level 5 in Dodging
  6220 | D:6      | Reached skill level 5 in Unarmed Combat
  6220 | D:6      | Gained mutation: You have a pair of horns on your head. [demonic ancestry]
  6220 | D:6      | Reached XP level 9. HP: 27/72 MP: 10/10
  6534 | D:6      | Found a sacrificial altar of Ru.
  6861 | D:6      | Found Mopyubug's General Store.
  6864 | D:6      | Bought a scroll of identify for 26 gold pieces
  6864 | D:6      | Bought a potion of heal wounds for 65 gold pieces
  6864 | D:6      | Bought a bread ration for 65 gold pieces
  6864 | D:6      | Bought a meat ration for 65 gold pieces
  6864 | D:6      | Bought a potion of agility for 52 gold pieces
  7051 | D:7      | Reached skill level 8 in Fighting
  7064 | D:7      | Reached skill level 5 in Armour
  7206 | D:7      | Found a flagged portal.
  7228 | Bailey   | Entered a bailey
  8250 | Bailey   | Noticed an orc knight
  8257 | Bailey   | HP: 1/75 [orc warrior/spear (14)]
  8257 | Bailey   | Mangled by an orc knight

Vault maps used:
D:1:      elethiomel_arrival_fortress_basement
D:2:      makhleb_grotto_becter, first_bread
D:3:      feat_on_display, uniq_robin, uniq_terence
D:4:      minmay_temple_entry_statues_pillars, lightli_sewer_entry_pipes,
          serial_undead, serial_undead_f, serial_undead_f, serial_undead_a,
          serial_undead_a, serial_undead_e, lemuel_tele_altar, uniq_eustachio
D:5:      kennysheep_six_static_rooms, lemuel_round_altar, lemuel_round_altar,
          sigmund_edmund_badplayer
D:6:      kennysheep_mini_moat, lemuel_coloured_pillars_altar,
          lemuel_doored_altar, serial_shops, shop, uniq_pikel
D:7:      nemelex_xobeh_ov_fountains_minmay, enter_bailey_2, serial_shops, shop
Temple:   zaba_magenta_temple_12
Bailey:   bailey_polearm_2, bailey

Action                   |  1- 3 |  4- 6 |  7- 9 || total
-------------------------+-------+-------+-------++-------
Melee: Dagger            |       |   224 |   211 ||   435
       Unarmed           |       |       |     1 ||     1
       Scythe            |       |       |   101 ||   101
       Whip              |       |       |     3 ||     3
 Fire: Hand crossbow     |    86 |    30 |    45 ||   161
Throw: Javelin           |       |     1 |     5 ||     6
Invok: Potion Petition   |       |       |     2 ||     2
Evoke: Wand              |       |       |     6 ||     6
  Use: Scroll            |       |    13 |    15 ||    28
       Potion            |       |     1 |     8 ||     9
 Stab: Distracted        |       |       |     2 ||     2
       Invisible         |       |       |     3 ||     3
  Eat: Chunk             |     1 |     8 |       ||     9
       Bread ration      |       |     1 |     2 ||     3
       Beef jerky        |       |       |     2 ||     2
       Pizza             |       |       |     1 ||     1
